Map: Lerilak Crest

Players

LilDicky - Winner!

  • Race: Terran Terran
  • League: Diamond

hockeynit

  • Race: Zerg Zerg
  • League: Gold

VOD

http://www.twitch.tv/tumescentpie

Description

Time

  • Played on: Dec. 3, 2015, 6:34 p.m.
  • Length: 7:49
Show
View Real Time Build Order
Export as new Build Order

LilDicky Terran - Winner!

Build Orders: MMM Bio 

Get SALT Encoding   

  12  0:01  SCV  
  13  0:13  SCV  
  14  0:17  Supply Depot  
  14  0:25  SCV  
  15  0:32  Refinery  
  15  0:39  SCV  
  16  0:46  Barracks  
  16  0:52  SCV  
  17  1:04  SCV  
  18  1:16  SCV  
  19  1:28  SCV  
  20  1:33  Reaper  
  21  1:44  Command Center  
  21  1:45  SCV  
  22  1:59  Orbital Command  
  22  2:10  Barracks Tech Lab  
  22  2:17  Barracks  
  22  2:24  Supply Depot  
  21  2:37  SCV  
  21  2:41  Marine  
  23  2:47  Barracks  
  23  2:49  SCV  
  24  2:56  Orbital Command  
  24  3:01  SCV  
  24  3:03  Marine  
  24  3:09  Engineering Bay  
  24  3:11  Marine  
  25  3:19  Stimpack  
  24  3:21  Marine  
  25  3:30  Barracks Tech Lab  
  25  3:33  SCV  
  26  3:35  Terran Infantry Weapons Level 1  
  26  3:37  Barracks Reactor  
  26  3:39  Marine  
  27  3:48  Combat Shields  
  27  3:49  Marine  
  27  3:51  SCV  
  29  3:57  Marine  
  29  4:01  SCV  
  31  4:06  Supply Depot, Refinery  
  31  4:07  Marine  
  32  4:13  Marine x2  
  32  4:15  Marauder  
  36  4:18  SCV  
  36  4:23  SCV  
  38  4:25  Marauder  
  38  4:30  SCV  
  41  4:31  Supply Depot  
  41  4:33  Marine x2  
  41  4:35  SCV  
  44  4:45  Marauder  
  46  4:46  Marauder  
  48  4:53  Factory  
  48  4:54  Marine  
  48  4:55  Marine  
  50  5:06  Supply Depot, Marauder  
  50  5:07  SCV  
  53  5:08  SCV, Marauder  
  56  5:15  Marine  
  56  5:16  Marine  
  56  5:19  SCV  
  56  5:20  SCV  
  60  5:27  Marauder  
  62  5:29  Terran Infantry Armor Level 1  
  62  5:31  SCV  
  62  5:32  SCV  
  63  5:47  Marine x2  
  63  5:48  Marauder  
  63  5:49  Marauder  
  69  5:52  Command Center  
  69  5:53  Factory Reactor  
  69  6:00  Starport  
  69  6:24  Marine  
  70  6:25  Marine x2  
  70  6:27  Marine  
  66  6:35  Armory  
  66  6:39  Engineering Bay  
  58  6:42  Marine  
  58  6:44  Marauder  
  58  6:46  Marauder  
  59  6:52  Medivac  
  61  6:54  SCV  
  61  6:55  Refinery x2  
  62  7:01  Marine x2  
  62  7:04  Hellion  
  62  7:05  Marauder  
  62  7:07  Marauder  
  70  7:09  Barracks  
  70  7:11  Barracks  
  70  7:18  Medivac  
  70  7:19  Marine x2  
  74  7:23  Supply Depot  
  74  7:26  Marauder  
  74  7:28  Marine  
Show
View Real Time Build Order
Export as new Build Order

hockeynit Zerg 

Build Orders: Pool First 

Get SALT Encoding   

  12  0:00  Drone  
  13  0:12  Overlord  
  13  0:17  Drone  
  14  0:30  Drone x2  
  14  0:34  Drone  
  17  0:46  Spawning Pool  
  17  0:58  Hatchery  
  17  1:02  Drone x2  
  18  1:16  Spawning Pool  
  17  1:20  Drone, Extractor  
  17  1:23  Drone  
  18  1:30  Drone  
  19  1:41  Drone  
  20  1:51  Overlord  
  20  2:00  Drone  
  21  2:08  Queen  
  21  2:13  Zergling x2  
  21  2:14  Zergling x2  
  25  2:16  Queen  
  25  2:20  Metabolic Boost  
  27  2:34  Drone x3  
  27  2:35  Drone  
  31  2:45  Hatchery  
  31  2:47  Drone  
  31  3:04  Drone x4  
  34  3:08  Overlord  
  34  3:17  Roach Warren, Queen  
  35  3:21  Overlord  
  35  3:24  Overlord  
  35  3:28  Drone  
  35  3:29  Drone  
  35  3:32  Drone  
  38  3:38  Drone x3  
  41  3:46  Drone x2  
  42  3:49  Extractor  
  42  3:52  Lair  
  42  3:53  Drone x2  
  43  3:56  Evolution Chamber  
  43  4:01  Extractor  
  43  4:02  Drone x2  
  43  4:04  Extractor  
  43  4:06  Queen  
  44  4:11  Drone x2  
  44  4:13  Drone  
  44  4:14  Drone  
  48  4:19  Drone x2  
  48  4:20  Drone  
  51  4:29  Drone x5  
  56  4:33  Drone x2  
  58  4:38  Overlord  
  58  4:51  Drone x5  
  63  4:54  Overseer  
  63  4:56  Glial Reconstitution  
  63  4:58  Zerg Missile Weapons Level 1  
  63  5:05  Overlord, Queen  
  63  5:06  Overlord  
  65  5:09  Drone  
  65  5:11  Hydralisk Den  
  66  5:14  Drone  
  66  5:16  Overlord x2  
  66  5:20  Overseer  
  66  5:23  Overlord x2  
  66  5:32  Roach  
  64  5:37  Roach  
  64  5:40  Roach x3  
  57  5:46  Roach x2  
  57  5:49  Roach x3  
  66  5:57  Roach  
  68  6:00  Roach  
  68  6:04  Roach  
  70  6:10  Overlord  
  66  6:23  Overlord  
  46  6:41  Queen  
  46  6:47  Hydralisk x3  
  46  6:49  Hydralisk  
  46  6:52  Hydralisk  
  56  6:59  Roach Warren  
  55  7:03  Hydralisk  
  57  7:10  Drone  
  58  7:18  Drone x2  
  60  7:22  Overlord  
  60  7:23  Overlord  
  60  7:25  Overlord  
Tags
 
Add a new tag
Caveats
  • Supply blocks, unpowered buildings, or Contaminate may cause inaccurate times.
  • Supply counts are checked every 10 seconds.